 Dungeon Crawl Stone Soup version 0.26-a0-1147-g3780a7a11b (webtiles) character file.

Game seed: 3238591361695440923

15 Dracia the Digger (level 2, -2/19 HPs)
             Began as a Demonspawn Wanderer on Dec 22, 2020.
             Slain by an adder (4 damage)
             ... on level 2 of the Dungeon.
             The game lasted 00:03:36 (1529 turns).

Dracia the Digger (Demonspawn Wanderer)             Turns: 1529, Time: 00:03:36

Health: -2/19      AC:  3    Str: 12    XL:     2   Next: 34%
Magic:  4/5        EV: 11    Int: 14    God:
Gold:   59         SH:  0    Dex: 11    Spells: 0/5 levels left

rFire    . . .     SeeInvis .   (no weapon)
rCold    . . .     Faith    .   (no shield)
rNeg     . . .     Spirit   .   d - +1 robe
rPois    .         Reflect  .   (no helmet)
rElec    .         Harm     .   (no cloak)
rCorr    .         Rampage  .   (no gloves)
Will     .....                  (no boots)
Stlth    ..........             (no amulet)
HPRegen  0.06/turn              i - ring of attention (curse)
MPRegen  0.09/turn              (no ring)

@: lethally poisoned (-2 -> -5)
A: claws 1
a: no special abilities


You were on level 2 of the Dungeon.
You visited 1 branch of the dungeon, and saw 2 of its levels.

You collected 59 gold pieces.


Innate Abilities, Weirdness & Mutations

You have sharp fingernails.


   Skills:
 - Level 1.0 Stealth
 * Level 0.4 Unarmed Combat
 + Level 2.3 Spellcasting
 - Level 1.2 Conjurations
 + Level 0.0 Summonings
 - Level 5.4 Earth Magic
 - Level 1.0 Evocations


You couldn't memorise any spells.
You knew the following spells:

 Your Spells              Type           Power        Failure   Level
c - Call Imp              Summ           1%           34%         2
z - Magic Dart            Conj           20%          14%         1
I - Blink                 Tloc           N/A          34%         2

Your spell library contained the following spells:

 Spells                   Type           Power        Failure   Level
 Slow                     Hex            1%           34%         2
 Conjure Flame            Conj/Fire      3%           47%         3
 Mephitic Cloud           Conj/Pois/Air  2%           52%         3

Inventory:

Armour
 d - a +1 robe (worn)
Jewellery
 i - a cursed ring of attention (left claw)
Wands
 c - a wand of random effects (15) (quivered)
Scrolls
 a - a scroll of amnesia {unknown}
Potions
 b - a potion of lignification
 e - a potion of curing {unknown}
 g - 2 potions of brilliance

Dungeon Overview and Level Annotations

Branches:
Dungeon (2/15)

Altars:

.# #.# #+## .# #.# # #
#...## .# #.# ##.#
#.....# .# #.####.#.#
##.......
(#####.......#.##........
.......(....###..........
##########.## #.5.......
#.## ##Sg...... ##.##
##@##.....# ##.###.##
...## ##.#.## +## ##.##
##.## ##...## #.....#
#......... #.....###..


You could see an adder, a shadow imp and a hobgoblin.


Message History

You barely miss the adder.
The adder is severely wounded.
The adder bites you.
You barely miss the adder.
The adder is severely wounded.
You feel sick.
The shadow imp shouts, "Turn tail, thou artless hasty-witted nert!"
The adder barely misses you.
You completely miss the adder.
The adder is severely wounded.
The adder barely misses you.
You barely miss the adder.
The adder is severely wounded.
The adder bites you.
* * * LOW HITPOINT WARNING * * *
The adder barely misses you.
The shadow imp shouts, "Begone, thou obnoxious ill-nurtured gonus!"
You scratch the adder.
The adder is almost dead.
The adder bites you.
* * * LOW HITPOINT WARNING * * *
Your magical contamination has completely faded away.
You barely miss the adder.
The adder is almost dead.
You feel sick. The adder bites you.
* * * LOW HITPOINT WARNING * * *
You scratch the adder but do no damage.
The adder is almost dead.
The adder bites you.
You die...

Skill      XL: |  1 |
---------------+----+-----
Conjurations   | 1 |  1.2
Stealth        | |  1.0
Unarmed Combat | |  0.4
Spellcasting   | |  2.3
Earth Magic    | |  5.4
Evocations     | |  1.0

Action                   || total
-------------------------++-------
Melee: Dagger            ||    26
       Club              ||     4
       Unarmed           ||    48
 Cast: Magic Dart        ||     5
  Use: Scroll            ||     3
Armor: Robe              ||    10
Dodge: Dodged            ||    49

Levels and vault maps discovered:
D:1:      lightli_arrival_flooded_house, layout_loops_corners, st_stairs_10
D:2:      layout_loops_corners, minmay_tetromino_t4

Notes
Turn   | Place    | Note
-------+----------+-------------------------------------------
     0 | D:1      | Dracia the Demonspawn Wanderer began the quest for the Orb.
     0 | D:1      | Dracia set off with the following items: a +0 club, a
                  | potion of lignification, a wand of random effects (15), a
                  | +0 robe; and the following spell memorised: Magic Dart; and
                  | the following spells available to memorise: Blink, Call
                  | Imp, Slow, Conjure Flame, Mephitic Cloud
     0 | D:1      | Reached XP level 1. HP: 13/13 MP: 3/3
   511 | D:1      | Reached skill level 1 in Conjurations
   656 | D:1      | Gained mutation: You have sharp fingernails. [demonic
                  | ancestry]
   656 | D:1      | Reached XP level 2. HP: 19/19 MP: 1/5
   906 | D:1      | Learned a level 2 spell: Blink
   909 | D:1      | Learned a level 2 spell: Call Imp
  1529 | D:2      | Slain by an adder

Vanquished Creatures
  2 bats (D:1)
  A giant cockroach (D:1)
  4 goblins (D:1)
  A frilled lizard (D:1)
  2 kobolds (D:1)
  6 rats (D:1)
16 creatures vanquished.

Table legend: (Time is in decaauts)
 A = Elapsed time spent in this place.
 B = Non-inter-level travel time spent in this place.
 C = Inter-level travel time spent in this place.
 D = Time resting spent in this place.
 E = Time spent auto-exploring this place.
 F = Levels seen in this place.
 G = Mean time per level.
                   A        B        C        D        E       F      G
               +--------+--------+--------+--------+--------+-----+--------+
         Total |   1528 |   1489 |     39 |    195 |   1104 |   2 |  764.0 |
       Dungeon |   1528 |   1489 |     39 |    195 |   1104 |   2 |  764.0 |
               +--------+--------+--------+--------+--------+-----+--------+

Top non-repeatable levels by time:
     D:1: 1469 daAuts
     D:2: 59 daAuts

Table legend:
 A = Non-vault XP
 B = Vault XP
 C = Vault XP percentage of total XP
 D = Non-vault monster count
 E = Vault monster count
 F = Vault count percentage of total count
                 A         B        C        D         E       F
            +---------+---------+-------+---------+---------+-------
      Total |      19 |       3 |  13.6 |      13 |       3 |  18.8
            +---------+---------+-------+---------+---------+-------
        D:1 |      19 |       3 |  13.6 |      13 |       3 |  18.8
            +---------+---------+-------+---------+---------+-------
